Map: Jagannatha LE

Players

MeomaikA - Winner!

  • Race: Zerg Zerg

Quantel

  • Race: Protoss Protoss

Event: DreamHack SC2 Masters 2021 Winter

VOD

Have the link to the VOD?

Description

Time

  • Played on: Sept. 29, 2021, 5:15 a.m.
  • Length: 5:27

All games in this series

Show
View Real Time Build Order
Export as new Build Order

MeomaikA Zerg - Winner!

Build Orders: Pool First 

Get SALT Encoding   

  12  0:00  Drone  
  13  0:07  Drone  
  14  0:16  Overlord  
  14  0:23  Drone, Extractor  
  15  0:34  Drone x2  
  17  0:44  Spawning Pool  
  17  0:48  Drone  
  17  1:08  Hatchery  
  17  1:11  Drone  
  17  1:13  Extractor  
  17  1:16  Drone  
  17  1:31  Queen  
  17  1:32  Zergling x2  
  20  1:33  Zergling x2  
  20  1:37  Drone  
  22  1:48  Roach Warren  
  22  1:53  Drone  
  22  1:59  Overlord  
  22  2:10  Overlord  
  22  2:28  Roach  
  22  2:29  Roach  
  26  2:31  Roach x2  
  30  2:38  Roach  
  30  2:39  Roach  
  30  2:42  Zergling x2  
  34  2:46  Zergling x2  
  34  2:50  Drone  
  35  2:53  Drone  
  35  2:56  Drone  
  37  3:03  Drone  
  37  3:04  Drone  
  39  3:12  Metabolic Boost  
  39  3:14  Zergling x2  
  39  3:16  Zergling x2  
  39  3:19  Zergling x2  
  42  3:22  Zergling x2  
  43  3:37  Overlord x2  
  43  3:55  Zergling x2  
  44  3:56  Zergling x12  
  44  3:57  Zergling x2  
  44  4:02  Zergling x2  
  38  4:44  Zergling x2  
  35  4:46  Queen  
  35  4:47  Queen  
  35  4:48  Zergling x2  
  35  4:49  Zergling x2  
  35  4:51  Zergling x2  
  35  4:54  Zergling x2  
  33  5:06  Drone  
  29  5:20  Ravager  
Show
View Real Time Build Order
Export as new Build Order

Quantel Protoss 

Build Orders: 1 Gate Expand 

Get SALT Encoding   

  12  0:00  Probe  
  13  0:12  Probe  
  14  0:20  Pylon  
  14  0:24  Probe  
  15  0:38  Probe (Chrono Boost)  
  15  0:39  Gateway  
  16  0:47  Assimilator, Probe (Chrono Boost)  
  17  0:52  Probe (Chrono Boost)  
  18  1:04  Probe (Chrono Boost)  
  18  1:06  Assimilator  
  19  1:13  Probe (Chrono Boost)  
  20  1:19  Probe  
  21  1:29  Cybernetics Core  
  21  1:42  Nexus  
  21  1:48  Pylon  
  21  1:51  Probe  
  22  2:03  Probe  
  22  2:04  Adept (Chrono Boost)  
  25  2:15  Probe  
  26  2:17  Stargate  
  26  2:20  Warp Gate  
  26  2:27  Probe  
  27  2:32  Stalker  
  29  2:39  Probe  
  29  2:53  Void Ray (Chrono Boost)  
  29  2:54  Probe (Chrono Boost)  
  29  2:55  Probe (Chrono Boost)  
  31  3:04  Probe (Chrono Boost)  
  37  3:06  Probe (Chrono Boost)  
  37  3:09  Probe (Chrono Boost)  
  38  3:13  Forge  
  38  3:15  Probe  
  38  3:16  Adept  
  41  3:21  Probe  
  42  3:27  Assimilator  
  42  3:29  Assimilator, Probe  
  43  3:35  Probe, Pylon  
  44  3:41  Probe  
  44  3:45  Shield Battery  
  44  3:47  Probe  
  46  3:53  Probe  
  47  4:02  Fleet Beacon  
  47  4:04  Probe  
  48  4:14  Probe  
  48  4:16  Stargate  
  49  4:17  Stalker  
  43  4:40  Shield Battery  

Tags
 
Add a new tag
Caveats
  • Supply blocks, unpowered buildings, or Contaminate may cause inaccurate times.
  • Supply counts are checked every 10 seconds.